 Dungeon Crawl Stone Soup version 0.27.1 (webtiles) character file.

Game seed: 46016355810226350

23986 hawla the Thaumaturge (level 12, -21/112 HPs)
             Began as a Deep Elf Conjurer on Aug 30, 2021.
             Was a Follower of Ashenzari.
             Demolished by an entropy weaver simulacrum (29 damage)
             ... in an ice cave.
             The game lasted 00:51:16 (13446 turns).

hawla the Thaumaturge (Deep Elf Conjurer)          Turns: 13446, Time: 00:51:17

Health: -21/112    AC: 30    Str:  4    XL:     12   Next: 76%
Magic:  2/30       EV:  2    Int: 31    God:    Ashenzari [*.....]
Gold:   792        SH:  0    Dex: 13    Spells: 13/36 levels left

rFire    . . .     SeeInvis .   t - +2 rapier (flame)
rCold    . . .     Faith    .   (no shield)
rNeg     + + +     Spirit   .   (armour currently unavailable)
rPois    +         Reflect  .   (helmet currently unavailable)
rElec    .         Harm     .   (cloak currently unavailable)
rCorr    +         Rampage  .   (gloves currently unavailable)
Will     +....     NoTele   +   (boots currently unavailable)
Stlth    +++++.....             p - amulet "Distant Annoyance" {Regen+, Melee, Self} (curse)
HPRegen  1.28/turn              c - ring "Bound With Me" {Wiz rCorr, Cun, Alch} (curse)
MPRegen  0.22/turn              m - +4 ring of protection

@: tree-form
A: stationary, stasis, torment immunity, boosted hp, clever 1, robust 1
a: Renounce Religion, Curse Item, Shatter the Chains


You were in an ice cave.
You worshipped Ashenzari.
Ashenzari was aware of your devotion.
You were a tree.
You visited 2 branches of the dungeon, and saw 13 of its levels.
You also visited: Ice Cave.

You collected 792 gold pieces.

Inventory:

Hand Weapons
 k - a +2 dagger of venom
 t - a +2 rapier of flaming (weapon)
Missiles
 l - 60 poisoned darts
 A - 15 boomerangs (quivered)
 B - 4 throwing nets
Armour
 e - a +0 pair of gloves (melded)
 s - a +0 cloak (melded)
 v - a +1 helmet (melded)
 D - a +0 robe of resistance (melded)
Magical Staves
 q - a staff of earth
Jewellery
 c - the cursed ring "Bound With Me" (left branch) {Wiz rCorr, Cun, Alch}
   (You acquired it on level 4 of the Dungeon)

   [ring of wizardry]

   It improves your spell success rate.
   rCorr:     It protects you from acid and corrosion.
   It has a curse which improves the following skills: Cunning: Dodging and
   Stealth.
   Alchemy:   Poison Magic and Transmutations.
 m - a +4 ring of protection (right branch)
 p - the cursed amulet "Distant Annoyance" (around neck) {Regen+, Melee, Self}
   (You found it on level 3 of the Dungeon)

   [amulet of regeneration]

   Regen:     It increases your rate of health regeneration.
   It has a curse which improves the following skills: Melee Combat: Short
   Blades, Long Blades, Axes, Maces & Flails, Polearms, Staves and Unarmed
   Combat.
   Introspection: Fighting and Spellcasting.
 z - a ring of positive energy
Wands
 b - a wand of iceblast (9)
 i - a wand of polymorph (19)
 E - a wand of flame (26)
Scrolls
 a - a scroll of magic mapping
 u - 2 scrolls of brand weapon
 x - a scroll of silence
 y - a scroll of teleportation
 F - a scroll of amnesia
 G - a scroll of fog
 H - 2 scrolls of fear
Potions
 d - 4 potions of berserk rage
 f - 2 potions of might
 h - 3 potions of brilliance
 j - 4 potions of curing
 o - 6 potions of flight
 C - a potion of haste


   Skills:
 - Level 4.8(5.8) Fighting
 + Level 10.7(11.6) Short Blades
 - Level 1.7 Throwing
 - Level 10.0(10.9) Dodging
 - Level 10.1(11.1) Stealth
 - Level 11.6(12.5) Spellcasting
 - Level 10.3 Conjurations
 - Level 2.0 Summonings
 - Level 5.7 Translocations
 - Level 2.2(3.1) Transmutations
 - Level 1.0 Fire Magic
 - Level 2.0 Earth Magic
 - Level 1.7(2.4) Poison Magic
 - Level 1.0 Evocations


You had 13 spell levels left.
You knew the following spells:

 Your Spells              Type           Power      Damage    Failure   Level
a - Magic Dart            Conj           100%       1d8       1%          1
b - Searing Ray           Conj           100%       3d7       1%          2
c - Iskenderun's Mystic   Conj/Tloc      62%        2d13      1%          4
d - Spider Form           Tmut/Pois      18%        N/A       1%          3
e - Ignite Poison         Fire/Tmut/Pois 33%        N/A       1%          3
f - Vampiric Draining     Necr           9%         2d7       3%          3
g - Olgreb's Toxic Radia  Pois           34%        N/A       3%          4
h - Mephitic Cloud        Conj/Pois/Air  46%        N/A       1%          3

Your spell library contained the following spells:

 Spells                   Type           Power      Damage    Failure   Level
 Beastly Appendage        Tmut           76%        N/A       1%          1
 Corona                   Hex            21%        N/A       1%          1
 Ensorcelled Hibernation  Hex/Ice        38%        N/A       1%          2
 Slow                     Hex            19%        N/A       1%          2
 Wereblood                Tmut           38%        N/A       1%          2
 Dazzling Flash           Conj/Hex       100%       N/A       1%          3
 Fulminant Prism          Conj/Hex       25%        3d14      1%          4
 Confusing Touch          Hex            19%        N/A       3%          3
 Tukima's Dance           Hex            19%        N/A       3%          3
 Lightning Bolt           Conj/Air       25%        1d41      3%          5
 Bolt of Magma            Conj/Fire/Erth 23%        4d11      4%          5
 Leda's Liquefaction      Hex/Erth       12%        N/A       7%          4
 Summon Lightning Spire   Summ/Air       25%        N/A       7%          4
 Airstrike                Air            9%         N/A       11%         4
 Cause Fear               Hex            9%         N/A       11%         4
 Statue Form              Tmut/Erth      23%        N/A       45%         6
 Dragon Form              Tmut           19%        N/A       90%         7
 Storm Form               Tmut/Air       14%        N/A       98%         7
 Ozocubu's Refrigeration  Ice            9%         4d6       100%        7
 Ignition                 Fire           12%        3d6       100%        8
 Maxwell's Capacitive Co  Air            9%         ∞         100%        8
 Dragon's Call            Summ           15%        N/A       100%        9


Dungeon Overview and Level Annotations

Branches:
Dungeon (12/15)            Temple (1/1) D:7            Lair (0/6) D:9
    Orc (0/2) D:11          IceCv (1/1)

Altars:
Ashenzari
Cheibriados
Dithmenos
Elyvilon
Fedhas
Gozag
Hepliaklqana
Kikubaaqudgha
Makhleb
Nemelex Xobeh
Okawaru
Qazlal
Ru
Sif Muna
Trog
Uskayaw
Vehumet
Wu Jian
Xom
Yredelemnul
Zin
The Shining One

Portals:
Abyss: D:4

Annotations:
D:4 2 transporters, thromnambular's ghost, amateur FeWr
D:7 2 transporters, velxir3's ghost, novice GnWn
D:11 3 runed translucent doors, MemeProof's ghost, journeyman MiFi


Innate Abilities, Weirdness & Mutations

You are a tree.
Your roots penetrate the ground, keeping you stationary.
You cannot be teleported.
You are immune to unholy pain and torment.
Your maximum health is greatly increased.
Your equipment is partially melded.
Your mind is acute. (Int +2)
You are robust. (+10% HP)


Message History

The entropy weaver simulacrum hits you.
The entropy weaver simulacrum freezes you.
You resist. The entropy weaver simulacrum hits you.
The entropy weaver simulacrum freezes you!!
You resist.
The entropy weaver simulacrum closely misses you.
You feel much better.
The entropy weaver simulacrum hits you but does no damage.
The entropy weaver simulacrum barely misses you.
The entropy weaver simulacrum misses you.
The entropy weaver simulacrum hits you but does no damage.
The entropy weaver simulacrum hits you!
The entropy weaver simulacrum freezes you!
You resist.
The entropy weaver simulacrum hits you but does no damage.
The entropy weaver simulacrum closely misses you.
The entropy weaver simulacrum hits you but does no damage.
Really quaff the potion of lignification?
You turn into a tree.
Your +0 cloak melds into your body.
Your +1 helmet melds into your body.
Your +0 pair of gloves melds into your body.
Your +0 robe of resistance melds into your body.
You feel hot and cold all over.
Your roots penetrate the ground.
The entropy weaver simulacrum hits you but does no damage.
The entropy weaver simulacrum hits you.
The entropy weaver simulacrum freezes you!!!
* * * LOW HITPOINT WARNING * * *
The entropy weaver simulacrum hits you but does no damage. x5
The entropy weaver simulacrum barely misses you.
You feel better.
The entropy weaver simulacrum hits you but does no damage. x2
The entropy weaver simulacrum hits you!
* * * LOW HITPOINT WARNING * * *
The entropy weaver simulacrum freezes you!
* * * LOW HITPOINT WARNING * * *
The entropy weaver simulacrum hits you but does no damage. x2
The entropy weaver simulacrum hits you.
* * * LOW HITPOINT WARNING * * *
The entropy weaver simulacrum freezes you!!
You die...

##...## #...## ## 4 #..##
#§ 4 ##..## ..## .# ##..#
..##☼ # ##..#### .ZZ.
#.#....#.### ###ZZ
#..........####.§4##
##..........♣Z###☼Z§#
#............Z..##.####
##..........#Z........#
#..........###.#..........
##........## ######..##...
##...##### .## .. #### .#
.. ..


You could see a two-headed ogre simulacrum and 2 entropy weaver simulacra.

Vanquished Creatures
  Harold (D:7)
  An ogre mage (D:10)
  2 centaur warriors (D:10)
  2 hydras
  Erica (D:11)
  2 two-headed ogres
  Nergalle (D:10)
  A deep elf knight (D:11)
  Pikel (D:7)
  2 orc knights (D:11)
  A cyclops (D:11)
  2 manticores
  Maurice (D:8)
  Joseph (D:8)
  2 ice statues (IceCv)
  Maggie (D:6)
  2 rime drakes (D:12)
  An unseen horror (D:10)
  2 kobold demonologists
  2 komodo dragons (D:9)
  6 ice devils (IceCv)
  4 trolls
  Prince Ribbit (D:9)
  2 hornets
  Sigmund (D:6)
  A vampire (D:11)
  A wraith (D:11)
  Eustachio (D:5)
  A dire elephant simulacrum (IceCv)
  12 yaks
  2 wyverns (D:9)
  A steam dragon (D:8)
  Grum (D:8)
  4 wargs (D:11)
  2 acid dragons
  2 water moccasins
  An ogre (D:5)
  4 black bears
  3 necrophages
  3 wolves (D:8)
  4 centaurs (D:9)
  A phantom (D:5)
  A kobold brigand (D:8)
  Blork the orc (D:6)
  3 bullfrogs
  3 scorpions
  A two-headed ogre simulacrum (IceCv)
  A water moccasin zombie (D:7)
  8 killer bees (D:9)
  12 wights
  5 howler monkeys
  3 bullfrog zombies
  2 centaur skeletons (D:5)
  3 centaur zombies
  2 hounds
  2 orc priests
  2 bullfrog skeletons
  3 iguanas
  Crazy Yiuf (D:4)
  9 orc wizards
  A spriggan simulacrum (IceCv)
  2 troll simulacra (IceCv)
  A polar bear simulacrum (IceCv)
  3 wolf simulacra (IceCv)
  5 gnolls
  A howler monkey skeleton (D:4)
  8 adders
  2 naga simulacra (IceCv)
  3 shadow imps
  4 white imps (IceCv)
  2 ufetubi (D:4)
  An adder skeleton (D:4)
  7 dart slugs
  14 orcs
  4 ball pythons
  3 bats
  4 endoplasms
  2 giant cockroaches
  3 goblins
  3 hobgoblins
  2 jackals (D:4)
  5 kobolds
  4 quokkas
  6 frilled lizards
  8 rats
  A spectral orc (D:3)
248 creatures vanquished.

Vanquished Creatures (others)
  A white imp (IceCv)
  50 fungi (D:9)
  45 plants
96 creatures vanquished.

Grand Total: 344 creatures vanquished

Notes
Turn   | Place    | Note
-------+----------+-------------------------------------------
     0 | D:1      | hawla the Deep Elf Conjurer began the quest for the Orb.
     0 | D:1      | Reached XP level 1. HP: 10/10 MP: 6/6
   195 | D:1      | Reached XP level 2. HP: 7/16 MP: 5/8
   198 | D:1      | Learned a level 2 spell: Searing Ray
   967 | D:2      | Reached XP level 3. HP: 20/20 MP: 6/9
  1208 | D:2      | Reached skill level 1 in Fighting
  1208 | D:2      | Reached skill level 5 in Conjurations
  1213 | D:2      | Reached skill level 4 in Spellcasting
  1213 | D:2      | Reached skill level 1 in Translocations
  1213 | D:2      | Reached XP level 4. HP: 15/25 MP: 2/12
  1522 | D:2      | Found a faded altar of an unknown god.
  1806 | D:2      | Reached XP level 5. HP: 29/29 MP: 9/13
  2662 | D:3      | Noticed a black bear
  2667 | D:3      | Killed a black bear
  2668 | D:3      | Reached XP level 6. HP: 31/34 MP: 10/14
  3087 | D:3      | Found a basalt altar of Yredelemnul.
  3269 | D:4      | Identified a scroll of acquirement
  3269 | D:4      | Acquired the ring "Juinkop" {Wiz rCorr}
  3288 | D:4      | Learned a level 4 spell: Iskenderun's Mystic Blast
  3916 | D:4      | Found a transporter.
  3929 | D:4      | Found a transporter.
  4042 | D:4      | Found a runed translucent door.
  4043 | D:4      | Noticed Crazy Yiuf
  4062 | D:4      | Found a one-way gate to the infinite horrors of the Abyss.
  4062 | D:4      | Noticed thromnambular's ghost (amateur FeWr)
  4259 | D:4      | Killed Crazy Yiuf
  4476 | D:5      | Entered Level 5 of the Dungeon
  4554 | D:5      | Reached skill level 5 in Spellcasting
  4554 | D:5      | Reached XP level 7. HP: 29/38 MP: 2/16
  4931 | D:5      | Noticed Eustachio
  4946 | D:5      | Killed Eustachio
  4947 | D:5      | Reached skill level 6 in Spellcasting
  5348 | D:6      | Reached skill level 5 in Stealth
  5348 | D:6      | Reached XP level 8. HP: 41/44 MP: 19/19
  5355 | D:6      | Noticed Maggie
  5367 | D:6      | Killed Maggie
  5368 | D:6      | Reached skill level 1 in Short Blades
  5452 | D:6      | Noticed Blork the orc
  5463 | D:6      | Killed Blork the orc
  5884 | D:6      | Noticed Sigmund
  5891 | D:6      | Killed Sigmund
  5892 | D:6      | Reached skill level 5 in Dodging
  6228 | D:7      | Noticed Pikel
  6236 | D:7      | Killed Pikel
  6237 | D:7      | Reached skill level 7 in Spellcasting
  6237 | D:7      | Reached XP level 9. HP: 40/51 MP: 11/21
  6424 | D:7      | Noticed a two-headed ogre
  6434 | D:7      | Killed a two-headed ogre
  6582 | D:7      | Found a staircase to the Ecumenical Temple.
  6741 | Temple   | Entered the Ecumenical Temple
  6927 | Temple   | Became a worshipper of Ashenzari the Shackled
  7046 | D:7      | Noticed Harold
  7061 | D:7      | Killed Harold
  7062 | D:7      | Reached skill level 8 in Spellcasting
  7062 | D:7      | Reached XP level 10. HP: 30/56 MP: 0/24
  7106 | D:7      | Gained mutation: Your mind is acute. (Int +2) [potion of
                  | mutation]
  7106 | D:7      | Gained mutation: You are robust. (+10% HP) [potion of
                  | mutation]
  7203 | D:7      | Found a transporter.
  7207 | D:7      | Noticed velxir3's ghost (novice GnWn)
  7207 | D:7      | Noticed a moth of wrath
  7223 | D:7      | Found a transporter.
  7584 | D:8      | Noticed Grum
  7598 | D:8      | Killed Grum
  7599 | D:8      | Reached skill level 5 in Short Blades
  7643 | D:8      | Noticed Joseph
  7665 | D:8      | Killed Joseph
  7724 | D:8      | Noticed Maurice
  7735 | D:8      | Killed Maurice
  7876 | D:8      | Reached skill level 1 in Throwing
  8150 | D:8      | Learned a level 3 spell: Spider Form
  8418 | D:9      | Reached skill level 9 in Spellcasting
  8608 | D:9      | Reached skill level 1 in Poison Magic
  8785 | D:9      | Noticed Prince Ribbit
  8791 | D:9      | Killed Prince Ribbit
  9120 | D:9      | Reached XP level 11. HP: 67/67 MP: 15/26
  9203 | D:9      | Reached skill level 10 in Spellcasting
  9308 | D:9      | Found a staircase to the Lair.
  9686 | D:10     | Entered Level 10 of the Dungeon
  9686 | D:10     | Noticed Nergalle
  9689 | D:10     | Killed Nergalle
  9691 | D:10     | Noticed a centaur warrior
  9710 | D:10     | Killed a centaur warrior
  9711 | D:10     | Reached skill level 10 in Stealth
  9711 | D:10     | Reached skill level 5 in Translocations
  9742 | D:10     | Reached skill level 1 in Transmutations
  9849 | D:10     | Reached skill level 11 in Spellcasting
  9960 | D:10     | Identified the +1 robe of Hospitality {Str+2}
 10065 | D:10     | Noticed a six-headed hydra
 10082 | D:10     | Reached skill level 10 in Conjurations
 10097 | D:10     | Killed a six-headed hydra
 10099 | D:10     | Noticed a centaur warrior
 10117 | D:10     | Killed a centaur warrior
 10242 | D:10     | Noticed an ogre mage
 10292 | D:10     | Paralysed by something for 3 turns
 10297 | D:10     | Paralysed by something for 4 turns
 10306 | D:10     | Killed an ogre mage
 10307 | D:10     | Reached skill level 10 in Dodging
 10613 | D:10     | Learned a level 3 spell: Ignite Poison
 10697 | D:11     | Reached XP level 12. HP: 74/74 MP: 29/29
 10726 | D:11     | Reached * piety under Ashenzari
 10843 | D:11     | Noticed Erica
 10856 | D:11     | Killed Erica
 10857 | D:11     | Reached skill level 1 in Summonings
 10857 | D:11     | Reached skill level 1 in Fire Magic
 10857 | D:11     | Reached skill level 1 in Earth Magic
 10857 | D:11     | Reached skill level 1 in Evocations
 10951 | D:11     | Learned a level 3 spell: Vampiric Draining
 11381 | D:11     | Found a runed translucent gate.
 11382 | D:11     | Found a runed translucent gate.
 11382 | D:11     | Found a runed translucent gate.
 11383 | D:11     | Noticed a 12-headed hydra
 11383 | D:11     | Noticed MemeProof's ghost (journeyman MiFi)
 11383 | D:11     | Noticed an 11-headed hydra
 11442 | D:11     | Noticed a two-headed ogre
 11452 | D:11     | Killed a two-headed ogre
 11809 | D:11     | Found a staircase to the Orcish Mines.
 12664 | D:12     | Noticed an eight-headed hydra
 12674 | D:12     | Killed an eight-headed hydra
 12832 | D:12     | Noticed a boulder beetle
 12835 | D:12     | Found a frozen archway.
 12850 | D:12     | Noticed a two-headed ogre
 12852 | IceCv    | Entered an ice cave
 13054 | IceCv    | Learned a level 4 spell: Olgreb's Toxic Radiance
 13058 | IceCv    | Learned a level 3 spell: Mephitic Cloud
 13320 | IceCv    | Reached skill level 10 in Short Blades
 13446 | IceCv    | Demolished by an entropy weaver simulacrum

Illustrated notes

Levels and vault maps discovered:
D:1:      grunt_arrival_crossed_arrows, layout_basic
D:2:      layout_basic, ebering_ecumenical_altar_sacrificial,
          wad_floor_pattern_1, eino_tiny_chamber
D:3:      layout_rooms, yredelemnul_forgotten_temple_becter
D:4:      layout_basic, gammafunk_ghost_abyssal_escape, uniq_crazy_yiuf_cottage
D:5:      layout_cave_pools, uniq_eustachio
D:6:      layout_basic, minmay_misc_feat_alley, kennysheep_generic_room_14,
          uniq_sigmund, uniq_blork_the_orc, uniq_maggie
D:7:      layout_gridville, temple_green, gammafunk_ghost_berserking_beasts,
          uniq_pikel, uniq_harold
D:8:      layout_loops_ring, uniq_joseph, uniq_maurice, uniq_grum
D:9:      layout_irregular_city, due_lair_maze_entry_diamond,
          uniq_prince_ribbit1
D:10:     layout_rooms, kb_rosetta, uniq_nergalle
D:11:     layout_long_grid, minmay_orc_entry_guard_dogs,
          gammafunk_ghost_hydra_chop, sword_in_stone
D:12:     layout_roguey, portal_ice_cave_rime, zin_academy
Temple:   minmay_crystal_snake_temple
IceCv:    ice_cave_small_demon

Skill      XL: |  1  2  3  4  5  6  7  8  9 10 11 12 |
---------------+-------------------------------------+-----
Stealth        | 3 5 6 8 9 10 | 10.1
Fighting       | 1 2 3 4 |  4.8
Dodging        | 3 4 5 6 8 10 | 10.0
Conjurations   | 5 6 7 8 9 10 | 10.3
Spellcasting   | 4 5 6 7 8 9 11 | 11.6
Translocations | 1 2 3 4 5 |  5.7
Short Blades   | 3 4 5 6 10 | 10.7
Throwing       | 1 |  1.7
Poison Magic   | 1 |  1.7
Transmutations | 1 2 |  2.2
Summonings     | 2 |  2.0
Fire Magic     | 1 |  1.0
Earth Magic    | 2 |  2.0
Evocations     | 1 |  1.0

Action                   |  1- 3 |  4- 6 |  7- 9 | 10-12 || total
-------------------------+-------+-------+-------+-------++-------
Melee: Rapier            |     8 |     8 |       |    19 ||    35
       Dagger            |       |    40 |    92 |   187 ||   319
       Unarmed           |       |       |       |    33 ||    33
Throw: Dart              |       |     1 |     4 |    43 ||    48
       Boomerang         |       |       |       |     7 ||     7
 Cast: Magic Dart        |    22 |    13 |     3 |     1 ||    39
       Searing Ray       |     6 |    32 |    23 |    62 ||   123
       Iskenderun's Myst |       |     6 |    20 |   100 ||   126
       Spider Form       |       |       |       |     5 ||     5
       Ignite Poison     |       |       |       |    11 ||    11
       Mephitic Cloud    |       |       |       |     8 ||     8
       Vampiric Draining |       |       |       |     2 ||     2
Invok: Curse Item        |       |       |       |     2 ||     2
Evoke: Wand              |       |       |       |    12 ||    12
  Use: Scroll            |     3 |     8 |     3 |     7 ||    21
       Potion            |       |     1 |     1 |    11 ||    13
 Stab: Sleeping          |       |     2 |     8 |     8 ||    18
Armor: Robe              |     1 |    15 |     8 |    94 ||   118
       Steam dragon scal |       |       |    17 |       ||    17
       Skin              |       |       |       |    13 ||    13
Dodge: Dodged            |     8 |    56 |    77 |   304 ||   445
